 Dungeon Crawl Stone Soup version 0.28-a0-410-gbef64dd269 (webtiles) character file.

Game seed: 9440632090237685887

7 avis the Grasshopper (level 1, -1/9 HPs)
             Began as a Felid Warper on Sept 7, 2021.
             Killed from afar by a dart slug (4 damage)
             ... with a slug dart
             ... on level 1 of the Dungeon.
             The game lasted 00:02:17 (453 turns).

avis the Grasshopper (Felid Warper)                  Turns: 453, Time: 00:02:18

Health: -1/9       AC:  1    Str:  7    XL:     1   Next: 91%
Magic:  4/4        EV: 17    Int: 14    God:
Gold:   7          SH:  0    Dex: 15    Spells: 4/4 levels left
                                        Lives:  0   Deaths: 0

rFire   . . .      SeeInvis +     - Unarmed
rCold   . . .      Faith    .   (shield unavailable)
rNeg    . . .      Spirit   .   (armour unavailable)
rPois   .          Reflect  .   (helmet unavailable)
rElec   .          Harm     .   (cloak unavailable)
rCorr   .          Rampage  .   (gloves unavailable)
Will    .....                   (boots unavailable)
Stlth   ++........              (no amulet)
HPRegen 0.03/turn               (no ring)
MPRegen 0.09/turn               (no ring)

@: quick
A: very small, claws 1, fangs 3, see invisible, speed 1, shaggy fur 1, stealthy
paws, no weapons or thrown items, no armour, multi-lived
a: no special abilities


You were on level 1 of the Dungeon.
You visited 1 branch of the dungeon, and saw 1 of its levels.

You collected 7 gold pieces.

Inventory:

Scrolls
 a - a scroll of blinking
Potions
 b - 2 potions of might {unknown}
 c - 2 potions of flight {unknown}


   Skills:
 * Level 2.3 Fighting
 - Level 3.2 Dodging
 + Level 0.8 Stealth
 * Level 2.3 Unarmed Combat
 - Level 2.0 Spellcasting
 - Level 4.4 Translocations


You had 4 spell levels left.
You didn't know any spells.
Your spell library contained the following spells:

 Spells                   Type           Power      Damage    Failure   Level
 Blink                    Tloc           N/A        N/A       6%          2
 Gell's Gravitas          Tloc           6%         N/A       12%         3
 Lesser Beckoning         Tloc           13%        N/A       12%         3
 Teleport Other           Tloc           13%        N/A       12%         3
 Manifold Assault         Tloc           13%        N/A       73%         5


Dungeon Overview and Level Annotations

Branches:
Dungeon (1/15)

Altars:


Innate Abilities, Weirdness & Mutations

You have sharp claws.
You have razor-sharp teeth.
You have supernaturally acute eyesight. (SInv)
You cover ground quickly. (Speed+)
You are covered in fur. (AC +1)
Your paws help you pounce on unaware monsters.
You are incapable of wielding weapons or throwing items.
You cannot wear armour.
You gain extra lives every three experience levels.


Message History

The goblin is severely wounded.
The goblin barely misses you.
You scratch the goblin.
You kill the goblin!
Things that are here:
a +0 club; a goblin corpse You open the door.
There is an open door here. 2 jackals come into view.
A jackal comes into view.
You see here 2 blue potions.
c - 2 blue potions The jackal barks!
You hear a bark!
The jackal closely misses you.
You scratch the jackal.
You kill the jackal!
You see here a jackal corpse.
Found a stone staircase leading down.
The jackal barks! x2; You hear an angry hiss.
You completely miss the jackal. The jackal misses you.
The jackal closely misses you.
You scratch the jackal.
You kill the jackal!
A ball python comes into view.
You miss the jackal. You bite the jackal, but do no damage.
The jackal bites you. x2
You barely miss the jackal. Your claw misses the jackal. The jackal bites you.
You scratch the jackal.
The jackal is moderately wounded.
The jackal closely misses you.
You barely miss the jackal.
The jackal is moderately wounded.
The jackal closely misses you. The jackal misses you.
The ball python misses you. The ball python grabs you.
The ball python constricts you.
You escape the ball python's grasp.
The jackal misses you. The dart slug launches a dart at you.
The slug dart hits you.
You die...

###..##..##......#
#####.#............#######
...............w....>....#
#............#.#####.
##...#####...#.# ###
+....## #..##S#####.
..####.....# #...h.......#
.....##.##.# #...#######.#
......+†##.###..@#
..⌠...####..##...#
..(....####.##...#
...⌠...#.....#...#
≈......'.....#...#
...⌠...#.....##..#
.....).#.....##..#
..⌠...##.....##.##
.......#.....##.#


You could see a dart slug, a jackal and a ball python.

Vanquished Creatures
  3 ball pythons (D:1)
  A giant cockroach (D:1)
  2 jackals (D:1)
  A goblin (D:1)
7 creatures vanquished.

Notes
Turn   | Place    | Note
-------+----------+-------------------------------------------
     0 | D:1      | avis the Felid Warper began the quest for the Orb.
     0 | D:1      | Reached XP level 1. HP: 9/9 MP: 4/4
   453 | D:1      | Killed from afar by a dart slug

Illustrated notes

Levels and vault maps discovered:
D:1:      dpeg_arrival_stone_temple_mockup, layout_basic,
          hellmonk_ecumenical_altar_heavens_door, serial_bayou_pond_c,
          minmay_misc_feat_iff, st_stairs_5

Action                   || total
-------------------------++-------
Melee: Unarmed           ||    22
       Bite              ||     2
 Stab: Sleeping          ||     1
Armor: Skin              ||     1
Dodge: Dodged            ||    19

Table legend: (Time is in decaauts)
 A = Elapsed time spent in this place.
 B = Non-inter-level travel time spent in this place.
 C = Inter-level travel time spent in this place.
 D = Time resting spent in this place.
 E = Time spent auto-exploring this place.
 F = Levels seen in this place.
 G = Mean time per level.
                   A        B        C        D        E       F      G
               +--------+--------+--------+--------+--------+-----+--------+
         Total |    428 |    428 |      0 |    300 |     32 |   1 |  428.0 |
       Dungeon |    428 |    428 |      0 |    300 |     32 |   1 |  428.0 |
               +--------+--------+--------+--------+--------+-----+--------+

Top non-repeatable levels by time:
     D:1: 428 daAuts
